 Dungeon Crawl Stone Soup version 0.29-a0-284-gf9362112df (webtiles) character file.

Game seed: 9513408589293791203

11329 siradein the Scholar of Death (level 11, -4/136 HPs)
             Began as a Black Draconian Necromancer on Mar 21, 2022.
             Was a Follower of Kikubaaqudgha.
             Killed by vampiric draining
             ... invoked by a vampire
              (20 damage)
             ... on level 11 of the Dungeon on Mar 22, 2022.
             The game lasted 00:56:14 (17218 turns).

siradein the Scholar of Death (DrNe)               Turns: 17218, Time: 00:56:15

Health: -4/136     AC: 20    Str: 11    XL:     11   Next: 47%
Magic:  13/19      EV: 13    Int: 20    God:    Kikubaaqudgha [*.....]
Gold:   621        SH:  5    Dex: 11    Spells: 11/21 levels left

rFire   . . .      SeeInvis .   E - +2 flail (protect)
rCold   . . .      Faith    .   k - +0 buckler
rNeg    . . .      Spirit   .   (body armour unavailable)
rPois   +          Reflect  .   (helmet restricted)
rElec   +          Harm     .   u - +0 cloak
rCorr   .          Rampage  .   r - +1 pair of gloves
Will    .....                   i - +2 pair of boots {Stlth+}
Stlth   ..........              (no amulet)
HPRegen 0.32/turn               q - ring of poison resistance
MPRegen 0.16/turn               (no ring)

@: berserking, under a protective aura, very quick
A: breathe lightning, AC +7, unfitting armour, electricity resistance,
cold-blooded
a: Breathe Lightning, Renounce Religion, Receive Corpses


You were on level 11 of the Dungeon.
You worshipped Kikubaaqudgha.
Kikubaaqudgha was aware of your devotion.
You visited 2 branches of the dungeon, and saw 12 of its levels.

You collected 621 gold pieces.

Inventory:

Hand Weapons
 p - a +5 dire flail of freezing
 E - a +2 flail of protection (weapon)
Armour
 i - a +2 pair of boots of stealth (worn)
 k - a +0 buckler (worn)
 r - a +1 pair of gloves (worn)
 u - a +0 cloak (worn)
Jewellery
 q - a ring of poison resistance (left hand)
Wands
 l - a wand of paralysis (5)
 n - a wand of flame (66)
 C - a wand of iceblast (10)
Scrolls
 c - a scroll of enchant weapon {unknown}
 e - a scroll of brand weapon {unknown}
 f - 5 scrolls of teleportation
 g - a scroll of torment {unknown}
 h - 2 scrolls of blinking
 s - 3 scrolls of immolation {unknown}
 t - a scroll of magic mapping {unknown}
 w - 3 scrolls of amnesia {unknown}
 x - a scroll of fear
 y - 2 scrolls of silence {unknown}
 D - a scroll of fog {unknown}
 G - a scroll of noise {unknown}
Potions
 b - 2 potions of invisibility {unknown}
 d - 2 potions of cancellation
 j - a potion of brilliance {unknown}
 m - 2 potions of resistance
 o - a potion of degeneration {unknown}
 v - 2 potions of mutation {unknown}
 z - a potion of haste {unknown}
 B - 3 potions of curing
 F - 3 potions of flight
 H - a potion of might {unknown}


   Skills:
 + Level 6.7 Fighting
 * Level 8.9 Maces & Flails
 + Level 6.0 Dodging
 - Level 1.7 Stealth
 + Level 5.9 Shields
 + Level 5.9 Spellcasting
 * Level 9.8 Necromancy
 - Level 5.0 Translocations
 + Level 0.8 Evocations


You had 11 spell levels left.
You knew the following spells:

 Your Spells              Type           Power      Damage    Failure   Level
a - Vampiric Draining     Necr           45%        2d9       1%          3
b - Pain                  Necr           100%       1d9       1%          1
c - Animate Dead          Necr           22%        N/A       2%          4
d - Blink                 Tloc           52%        N/A       2%          2

Your spell library contained the following spells:

 Spells                   Type           Power      Damage    Failure   Level
 Animate Skeleton         Necr           90%        N/A       1%          1
 Sublimation of Blood     Necr           45%        N/A       1%          2
 Corpse Rot               Necr/Air       50%        N/A       2%          2
 Gell's Gravitas          Tloc           26%        N/A       4%          3
 Lesser Beckoning         Tloc           26%        N/A       4%          3
 Teleport Other           Tloc           26%        N/A       4%          3
 Agony                    Necr           45%        N/A       6%          5
 Magic Dart               Conj           20%        1d4       14%         1
 Scorch                   Fire           10%        2d6       21%         2
 Searing Ray              Conj           10%        2d4       21%         2
 Manifold Assault         Tloc           26%        N/A       43%         5
 Flame Wave               Conj/Fire      5%         2d5       80%         4
 Fulminant Prism          Conj/Hex       2%         3d6       80%         4
 Summon Cactus Giant      Summ           2%         N/A       100%        6


Dungeon Overview and Level Annotations

Branches:
Dungeon (11/15)            Temple (1/1) D:6            Lair (0/6) D:8
    Orc: D:9-12

Altars:
Cheibriados
Elyvilon
Fedhas
Gozag
Hepliaklqana
Kikubaaqudgha
Nemelex Xobeh
Okawaru
Qazlal
Ru
Sif Muna
Trog
Uskayaw
Vehumet
Wu Jian
Xom
Yredelemnul
Zin
The Shining One

Shops:
D:9 *

Annotations:
D:10 2 runed translucent doors


Innate Abilities, Weirdness & Mutations

You can breathe wild blasts of lightning.
Your glossy black scales are hard. (AC +7)
You cannot fit into any form of body armour.
You are resistant to electric shocks. (rElec)
You are cold-blooded and may be slowed by cold attacks.


Message History

Okay, then.
Magic courses through your body.
The vampire hits you but does no damage.
The vampire bites you but does no damage.
Kikubaaqudgha delivers you corpses!
The vampire hits you but does no damage.
You block the vampire's attack.
Casting: Vampiric Draining (safe; 1% risk of failure)
Confirm with . or Enter, or press ? or * to list all spells.
You call on the dead to rise...
The dead are walking and slithering!
The vampire completely misses you. The vampire closely misses you.
You hit the vampire but do no damage.
Your weapon exudes an aura of protection.
The vampire hits you but does no damage.
The vampire bites you but does no damage.
The vampire hits you!
* * * LOW HITPOINT WARNING * * *
The vampire barely misses you.
A red film seems to cover your vision as you go berserk!
You feel yourself moving faster!
You feel mighty!
Your ball python zombie closely misses the vampire.
Your ball python zombie barely misses the vampire.
The vampire closely misses you. The vampire barely misses you.
You hit the vampire.
The vampire is lightly damaged.
Your goblin zombie hits the vampire but does no damage.
You thump the vampire! You tail-slap the vampire!
The vampire is severely damaged.
Your ball python zombie bites the vampire but does no damage.
Your ball python zombie grabs the vampire.
Your ball python zombie constricts the vampire.
The vampire casts a spell.
The vampire flickers and vanishes!
Deactivating autopickup; reactivate with Ctrl-A.
You barely miss something.
Your ball python zombie bites something but does no damage.
Your ball python zombie constricts something.
You barely miss something. Something draws life force from you!!
You die...
Kikubaaqudgha rasps: "You have failed me!
Welcome... death!"

#.# #.# # #.# #. #[#
.#############.##########
..##...............[....
#.#...........#..#######
#.#..Z####..)....#
#######..###{@ZZ.####.##
......#.## ##Z#### #.#
.......$# #.#######.#
#####.#.## ##.........#
#.#Z.###.##########
####.#.#>..##
..........### ###########


You could see a friendly komodo dragon zombie, a friendly ball python zombie, a
friendly goblin zombie and a friendly orc warrior zombie.

Vanquished Creatures
  A two-headed ogre (D:10)
  Pikel (D:6)
  3 trolls
  A shadow (D:8)
  18 yaks
  A steam dragon (D:10)
  3 vampire mosquitoes (D:9)
  Menkaure (D:4)
  2 acid dragons (D:11)
  4 water moccasins
  5 orc warriors
  A sky beast (D:8)
  4 black bears
  2 ice beasts
  5 centaurs
  2 ogres (D:5)
  2 kobold brigands (D:8)
  A phantom (D:4)
  9 bullfrogs
  4 necrophages
  5 scorpions
  9 wights
  11 killer bees
  6 howler monkeys
  Crazy Yiuf (D:4)
  2 jellies
  6 hounds
  4 orc priests
  Jessica (D:2)
  3 iguanas
  13 orc wizards
  Robin (D:1)
  8 adders
  3 gnolls (D:6)
  7 river rats (D:4)
  A shadow imp (D:7)
  A white imp (D:5)
  4 worms (D:2)
  15 dart slugs
  32 orcs
  A ball python (D:3)
  11 endoplasms
  A giant cockroach (D:4)
  16 goblins
  10 hobgoblins
  9 jackals
  18 kobolds
  4 quokkas
  3 bats (D:2)
  A frilled lizard (D:2)
  21 rats
298 creatures vanquished.

Vanquished Creatures (collateral kills)
  2 yaks (D:8)
  A killer bee (D:8)
3 creatures vanquished.

Vanquished Creatures (others)
  42 fungi
  23 plants (D:8)
65 creatures vanquished.

Grand Total: 366 creatures vanquished

Notes
Turn   | Place    | Note
-------+----------+-------------------------------------------
     0 | D:1      | siradein the Draconian Necromancer began the quest for the
                  | Orb.
     0 | D:1      | Reached XP level 1. HP: 14/14 MP: 3/3
    53 | D:1      | Found a faded altar of an unknown god.
   396 | D:1      | Reached XP level 2. HP: 18/22 MP: 0/5
   633 | D:1      | Reached skill level 1 in Maces & Flails
  1934 | D:2      | Noticed Jessica
  1939 | D:2      | Killed Jessica
  1940 | D:2      | Reached skill level 1 in Fighting
  1940 | D:2      | Reached XP level 3. HP: 24/28 MP: 1/6
  2002 | D:2      | Learned a level 3 spell: Vampiric Draining
  2543 | D:2      | Reached XP level 4. HP: 34/35 MP: 7/7
  2832 | D:2      | Noticed Robin
  2913 | D:1      | Killed Robin
  3963 | D:3      | Reached XP level 5. HP: 39/40 MP: 5/8
  4206 | D:3      | Learned a level 4 spell: Animate Dead
  4633 | D:3      | Reached skill level 1 in Shields
  5373 | D:4      | Noticed Menkaure
  5438 | D:4      | Reached skill level 5 in Necromancy
  5558 | D:4      | Noticed a black bear
  5578 | D:4      | Killed a black bear
  5579 | D:4      | Reached XP level 6. HP: 9/48 MP: 4/10
  6055 | D:4      | Your scales start taking on a glossy black colour.
  6055 | D:4      | Reached XP level 7. HP: 56/56 MP: 4/11
  6055 | D:4      | Gained mutation: You are resistant to electric shocks.
                  | (rElec) [Black Draconian growth]
  6289 | D:4      | Found a runed translucent door.
  6290 | D:4      | Noticed Crazy Yiuf
  6319 | D:4      | Killed Menkaure
  6816 | D:4      | Killed Crazy Yiuf
  6817 | D:4      | Reached skill level 6 in Necromancy
  7175 | D:5      | Entered Level 5 of the Dungeon
  7179 | D:5      | Learned a level 2 spell: Blink
  7290 | D:5      | Reached XP level 8. HP: 46/63 MP: 0/13
  7450 | D:4      | Reached skill level 1 in Translocations
  7768 | D:5      | Reached skill level 5 in Maces & Flails
  8829 | D:5      | Reached skill level 7 in Necromancy
  9263 | D:6      | Reached XP level 9. HP: 54/71 MP: 11/15
  9643 | D:6      | Noticed Pikel
  9672 | D:6      | Killed Pikel
 10049 | D:6      | Found a staircase to the Ecumenical Temple.
 10056 | Temple   | Entered the Ecumenical Temple
 10157 | Temple   | Became a worshipper of Kikubaaqudgha
 10784 | D:7      | Reached skill level 5 in Fighting
 11006 | D:7      | Reached skill level 8 in Necromancy
 11460 | D:8      | Reached XP level 10. HP: 62/81 MP: 17/17
 11556 | D:8      | Found a staircase to the Lair.
 11578 | D:8      | Reached * piety under Kikubaaqudgha
 11578 | D:8      | Received a gift from Kikubaaqudgha
 11946 | D:8      | Reached skill level 5 in Dodging
 12430 | D:8      | Found a glowing golden altar of the Shining One.
 12779 | D:8      | Reached skill level 5 in Spellcasting
 13734 | D:8      | Reached skill level 5 in Shields
 14156 | D:9      | Reached skill level 9 in Necromancy
 14917 | D:9      | Found Otenoco's Mayhem Merchandise.
 15015 | D:9      | Reached XP level 11. HP: 83/89 MP: 2/19
 15461 | D:10     | Entered Level 10 of the Dungeon
 15576 | D:10     | Noticed a two-headed ogre
 15679 | D:10     | Killed a two-headed ogre
 16294 | D:10     | Noticed a two-headed ogre
 16376 | D:10     | Reached skill level 5 in Translocations
 16628 | D:10     | Found a large runed translucent door.
 16632 | D:10     | Found a large runed translucent door.
 17218 | D:11     | Killed from afar by a vampire

Illustrated notes

Levels and vault maps discovered:
D:1:      minmay_arrival_four_houses, layout_basic,
          shapermc_ecumenical_altar_mp_highgroup, minmay_door_square
D:2:      layout_loops_corners, minmay_heptomino_o4, uniq_robin, uniq_jessica
D:3:      kennysheep_slugbush, layout_basic
D:4:      layout_basic, dk_rats_in_the_wall, uniq_crazy_yiuf_cottage,
          uniq_menkaure
D:5:      layout_basic
D:6:      layout_loops_cross, minmay_temple_entry_drinking_statues,
          kennysheep_boxes, uniq_pikel
D:7:      layout_basic
D:8:      layout_basic, mainiacjoe_overflow_alcove_1,
          due_lair_maze_entry_diamond, serial_aquarium,
          aquarium_bridge_long_separate [aquarium_subvault_window,
          aquarium_subvault_bridge, aquarium_subvault_bridge,
          aquarium_subvault_bridge, aquarium_subvault_bridge,
          aquarium_subvault_bridge], aquarium_window_fake, aquarium_window_fake,
          aquarium_window_fake, aquarium_view_2c, aquarium_pool_five
D:9:      layout_cave_pools, minmay_shop_mayhem, kennysheep_decorative_pillar
D:10:     layout_rooms, jmf_multi_god_temple2, eino_tiny_chamber
D:11:     layout_loops_ring, uniq_snorg
Temple:   mainiacjoe_temple_bowtie_tessellation

Skill      XL: |  1  2  3  4  5  6  7  8  9 10 11 |
---------------+----------------------------------+-----
Maces & Flails | 1 2 3 4 5 6 8 |  8.9
Dodging        | 2 3 4 5 6 |  6.0
Fighting       | 1 2 3 4 5 6 |  6.7
Shields        | 1 2 3 4 5 |  5.9
Necromancy     | 5 6 7 8 9 |  9.8
Spellcasting   | 3 4 5 |  5.9
Translocations | 2 3 4 5 |  5.0
Stealth        | |  1.7
Evocations     | |  0.8

Action                   |  1- 3 |  4- 6 |  7- 9 | 10-12 || total
-------------------------+-------+-------+-------+-------++-------
Melee: Club              |    27 |       |       |       ||    27
       Unarmed           |     3 |       |       |       ||     3
       Tailslap          |     8 |    28 |    42 |    82 ||   160
       Short sword       |    17 |    65 |       |       ||    82
       Mace              |       |    13 |       |       ||    13
       Flail             |       |   109 |   245 |   512 ||   866
       Dire flail        |       |       |    51 |       ||    51
 Cast: Pain              |    63 |   103 |       |       ||   166
       Vampiric Draining |       |    10 |    39 |    79 ||   128
       Animate Dead      |       |       |       |    13 ||    13
Invok: Receive Corpses   |       |       |       |     3 ||     3
 Abil: Breathe Lightning |       |       |    19 |     3 ||    22
  Use: Potion            |       |     2 |       |     3 ||     5
       Scroll            |       |       |     6 |     1 ||     7
 Stab: Distracted        |     1 |       |       |     1 ||     2
       Sleeping          |       |     5 |     2 |     2 ||     9
Armor: Skin              |    17 |    73 |   173 |   271 ||   534
Dodge: Dodged            |    28 |   132 |   241 |   385 ||   786
Block: Buckler           |     2 |    35 |    76 |   157 ||   270

Table legend: (Time is in decaauts)
 A = Elapsed time spent in this place.
 B = Non-inter-level travel time spent in this place.
 C = Inter-level travel time spent in this place.
 D = Time resting spent in this place.
 E = Time spent auto-exploring this place.
 F = Levels seen in this place.
 G = Mean time per level.
                   A        B        C        D        E       F      G
               +--------+--------+--------+--------+--------+-----+--------+
         Total |  17371 |  17036 |    335 |   2749 |  10399 |  12 | 1447.6 |
       Dungeon |  17245 |  16910 |    335 |   2749 |  10313 |  11 | 1567.7 |
        Temple |    126 |    126 |      0 |      0 |     86 |   1 |  126.0 |
               +--------+--------+--------+--------+--------+-----+--------+

Top non-repeatable levels by time:
     D:8: 2950 daAuts
     D:4: 2082 daAuts
     D:1: 1936 daAuts
     D:2: 1912 daAuts
     D:5: 1894 daAuts
     D:3: 1526 daAuts
     D:9: 1504 daAuts
    D:10: 1186 daAuts
     D:7: 1160 daAuts
     D:6: 846 daAuts
    D:11: 243 daAuts
  Temple: 126 daAuts
